| TOP OF THE 1ST |
|
York Revolution batting - Pitching for Brockton Rox : RHP Lukasha Sheigus
|
|
Pitching: RHP Lukasha Sheigus
|
|
|
Batting: RHB Tony Perez
|
0-0: Foul Ball, location: 2F 0-1: Ball 1-1: Swinging Strike 1-2: DOUBLE (Line Drive, 89XD, EV 110.6 MPH)
|
|
Batting: RHB Chris Myers
|
0-0: Ball 1-0: SINGLE (Groundball, 4D, EV 96.9 MPH) Tony Perez to third
|
|
Batting: RHB Trent Hedrick
|
0-0: Fielders Choice at 2nd, 6-4 (Groundball, 6, EV 106.9 MPH) Tony Perez scores
|
|
Batting: LHB Joel Moore
|
0-0: Foul Ball, location: 2F 0-1: Ball 1-1: Ball 2-1: Ball 3-1: Foul Ball, location: 2F 3-2: Fielders Choice at 2nd, 4-6 (Groundball, 4, EV 103.1 MPH)
|
|
Batting: RHB Jose Corral
|
0-0: SINGLE (Groundball, 6MD, EV 104.4 MPH) Joel Moore to second
|
|
Batting: RHB Victor Arias
|
0-0: Called Strike 0-1: SINGLE (Line Drive, 78S, EV 101.3 MPH) Joel Moore to third Jose Corral to second
|
|
Batting: RHB Dave Gallegos
|
0-0: Ball 1-0: Ball 2-0: Ball 3-0: Called Strike 3-1: Called Strike 3-2: Foul Ball, location: 2F 3-2: Ground out 3-1 (Groundball, 34, EV 84.4 MPH)
|
| Top of the 1st over - 1 run, 4 hits, 0 errors, 3 left on base; York 1 - Brockton 0 |
| BOTTOM OF THE 1ST |
|
Brockton Rox batting - Pitching for York Revolution : RHP Seizaburo Takahashi
|
|
Pitching: RHP Seizaburo Takahashi
|
|
|
Batting: LHB John Buff
|
0-0: Ball 1-0: Ball 2-0: Ball 3-0: Base on Balls
|
|
Batting: LHB Aaron Brannon
|
0-0: Foul Ball, location: 2F 0-1: Foul Ball, location: 2F 0-2: Ball 1-2: Ball 2-2: Strikes out swinging
|
|
Batting: LHB Carlos Guerra
|
0-0: Ball 1-0: Ball 2-0: Ball 3-0: Called Strike 3-1: Foul Ball, location: 2F 3-2: Strikes out swinging
|
|
Batting: RHB Jim Hubbard
|
0-0: Ball 1-0: Foul Ball, location: 2F 1-1: Ball 2-1: Foul Ball, location: 2F 2-2: Strikes out swinging
|
| Bottom of the 1st over - 0 runs, 0 hits, 0 errors, 1 left on base; York 1 - Brockton 0 |
| TOP OF THE 2ND |
|
York Revolution batting - Pitching for Brockton Rox : RHP Lukasha Sheigus
|
|
Batting: SHB Brett St. Clair
|
0-0: Called Strike 0-1: Foul Ball, location: 2F 0-2: Ball 1-2: Strikes out swinging
|
|
Batting: RHB Joe Hewitt
|
0-0: Called Strike 0-1: Foul Ball, location: 2F 0-2: Fly out, F9 (Line Drive, 9D, EV 105.0 MPH)
|
|
Batting: RHB Tony Perez
|
0-0: Ball 1-0: Called Strike 1-1: Ball 2-1: Ball 3-1: Foul Ball, location: 2F 3-2: Strikes out looking
|
| Top of the 2nd over - 0 runs, 0 hits, 0 errors, 0 left on base; York 1 - Brockton 0 |
| BOTTOM OF THE 2ND |
|
Brockton Rox batting - Pitching for York Revolution : RHP Seizaburo Takahashi
|
|
Batting: RHB Ted Emmerich
|
0-0: Ball 1-0: Called Strike 1-1: Ball 2-1: SINGLE (Line Drive, 8LS, EV 108.8 MPH)
|
|
Batting: RHB Scott Hawkins
|
0-0: Ball 1-0: Foul Ball, location: 2F 1-1: Foul Ball, location: 2F 1-2: Strikes out looking
|
|
Batting: RHB Travis Campbell
|
0-0: Grounds into double play, 6-4-3 (Groundball, 56, EV 88.8 MPH)
|
| Bottom of the 2nd over - 0 runs, 1 hit, 0 errors, 0 left on base; York 1 - Brockton 0 |
| TOP OF THE 3RD |
|
York Revolution batting - Pitching for Brockton Rox : RHP Lukasha Sheigus
|
|
Batting: RHB Chris Myers
|
0-0: Swinging Strike 0-1: Ground out 6-3 (Groundball, 6D, EV 98.1 MPH)
|
|
Batting: RHB Trent Hedrick
|
0-0: Foul Ball, location: 2F 0-1: Foul Ball, location: 2F 0-2: Strikes out swinging
|
|
Batting: LHB Joel Moore
|
0-0: Ball 1-0: Ball 2-0: Ball 3-0: Base on Balls
|
|
Batting: RHB Jose Corral
|
0-0: Ball 1-0: Foul Ball, location: 2F 1-1: Ball 2-1: Foul Ball, location: 2F 2-2: Ball 3-2: Strikes out swinging
|
| Top of the 3rd over - 0 runs, 0 hits, 0 errors, 1 left on base; York 1 - Brockton 0 |
| BOTTOM OF THE 3RD |
|
Brockton Rox batting - Pitching for York Revolution : RHP Seizaburo Takahashi
|
|
Batting: LHB Mike Hutcheson
|
0-0: Ball 1-0: Ground out 5-3 (Groundball, 56, EV 103.1 MPH)
|
|
Batting: RHB Josh Smith
|
0-0: Called Strike 0-1: Ball 1-1: Swinging Strike 1-2: Strikes out swinging
|
|
Batting: LHB John Buff
|
0-0: Ball 1-0: Foul Ball, location: 2F 1-1: SINGLE (Groundball, 6M, EV 98.8 MPH) (infield hit)
|
|
Batting: LHB Aaron Brannon
|
0-0: Ball 1-0: Called Strike 1-1: Fly out, F6 (Popup, 6, EV 56.3 MPH)
|
| Bottom of the 3rd over - 0 runs, 1 hit, 0 errors, 1 left on base; York 1 - Brockton 0 |
| TOP OF THE 4TH |
|
York Revolution batting - Pitching for Brockton Rox : RHP Lukasha Sheigus
|
|
Batting: RHB Victor Arias
|
0-0: Called Strike 0-1: Ball 1-1: Ball 2-1: Foul Ball, location: 2F 2-2: Ball 3-2: Base on Balls
|
|
Batting: RHB Dave Gallegos
|
0-0: Ball 1-0: Swinging Strike 1-1: Ball 2-1: Foul Ball, location: 2F 2-2: Strikes out swinging
|
|
Batting: SHB Brett St. Clair
|
0-0: Ball 1-0: Called Strike 1-1: Foul Ball, location: 2F 1-2: Ball 2-2: Strikes out looking
|
|
Batting: RHB Joe Hewitt
|
0-0: Called Strike 0-1: Foul Ball, location: 2F 0-2: Strikes out swinging
|
| Top of the 4th over - 0 runs, 0 hits, 0 errors, 1 left on base; York 1 - Brockton 0 |
| BOTTOM OF THE 4TH |
|
Brockton Rox batting - Pitching for York Revolution : RHP Seizaburo Takahashi
|
|
Batting: LHB Carlos Guerra
|
0-0: Foul Ball, location: 2F 0-1: Foul Ball, location: 2F 0-2: Ball 1-2: Fly out, F3 (Popup, 3S, EV 68.1 MPH)
|
|
Batting: RHB Jim Hubbard
|
0-0: Called Strike 0-1: Foul Ball, location: 2F 0-2: Ball 1-2: Foul Ball, location: 2F 1-2: Ground out 5-3 (Groundball, 56, EV 90.0 MPH)
|
|
Batting: RHB Ted Emmerich
|
0-0: Ball 1-0: Ball 2-0: Ball 3-0: Base on Balls
|
|
Batting: RHB Scott Hawkins
|
0-0: Fielders Choice at 2nd, 5-4 (Groundball, 56, EV 102.5 MPH)
|
| Bottom of the 4th over - 0 runs, 0 hits, 0 errors, 1 left on base; York 1 - Brockton 0 |
| TOP OF THE 5TH |
|
York Revolution batting - Pitching for Brockton Rox : RHP Lukasha Sheigus
|
|
Batting: RHB Tony Perez
|
0-0: Ball 1-0: Ball 2-0: Called Strike 2-1: Called Strike 2-2: Ball 3-2: Strikes out swinging
|
|
Batting: RHB Chris Myers
|
0-0: Swinging Strike 0-1: Ball 1-1: Swinging Strike 1-2: Ball 2-2: Ball 3-2: Foul Ball, location: 2F 3-2: Base on Balls
|
|
Pitching: RHP Ryuhei Shimabukuro
|
|
|
Batting: RHB Trent Hedrick
|
0-0: Called Strike 0-1: Ball 1-1: Grounds out, U3 (Groundball, 3L, EV 103.1 MPH)
|
|
Batting: LHB Joel Moore
|
0-0: Called Strike 0-1: Ball 1-1: Ball 2-1: Swinging Strike 2-2: Ball 3-2: SINGLE (Groundball, 6MD, EV 94.4 MPH) Chris Myers to third Runner from 3rd tries for Home, SAFE, throw by CF to home
|
|
Batting: RHB Jose Corral
|
0-0: Ball 1-0: Foul Ball, location: 2F 1-1: Ball 2-1: Foul Ball, location: 2F 2-2: Strikes out swinging, 2-3 out at first.
|
| Top of the 5th over - 1 run, 1 hit, 0 errors, 1 left on base; York 2 - Brockton 0 |
| BOTTOM OF THE 5TH |
|
Brockton Rox batting - Pitching for York Revolution : RHP Seizaburo Takahashi
|
|
Batting: RHB Travis Campbell
|
0-0: Foul Ball, location: 2F 0-1: Fly out, F8 (Flyball, 89M, EV 89.4 MPH)
|
|
Batting: LHB Mike Hutcheson
|
0-0: Ball 1-0: Called Strike 1-1: Ball 2-1: Ball 3-1: Base on Balls
|
|
Batting: RHB Josh Smith
|
0-0: Ball 1-0: Swinging Strike 1-1: SINGLE (Line Drive, 4MD, EV 99.4 MPH) Mike Hutcheson to second
|
|
Batting: LHB John Buff
|
0-0: Swinging Strike 0-1: Called Strike 0-2: TRIPLE (Flyball, 89XD, EV 110.6 MPH) Mike Hutcheson scores Josh Smith scores
|
|
Batting: LHB Aaron Brannon
|
0-0: Ball 1-0: Called Strike 1-1: SINGLE (Line Drive, 4M, EV 94.4 MPH) John Buff scores
|
|
Batting: LHB Carlos Guerra
|
0-0: Fielders Choice at 2nd, 4-6 (Groundball, 34, EV 81.3 MPH)
|
|
Batting: RHB Jim Hubbard
|
0-0: Called Strike 0-1: Foul Ball, location: 2F 0-2: Ball 1-2: Foul Ball, location: 2F 1-2: DOUBLE (Flyball, 89D, EV 101.3 MPH) Carlos Guerra to third Runner from 3rd tries for Home, throw by RF and OUT! 9-4-2
|
| Bottom of the 5th over - 3 runs, 4 hits, 0 errors, 1 left on base; York 2 - Brockton 3 |
| TOP OF THE 6TH |
|
York Revolution batting - Pitching for Brockton Rox : RHP Ryuhei Shimabukuro
|
|
Now at 2B: Mike Griffin
|
|
|
Batting: RHB Victor Arias
|
0-0: Ball 1-0: Fly out, F8 (Flyball, 8LD, EV 101.3 MPH)
|
|
Batting: RHB Dave Gallegos
|
0-0: Fly out, F9 (Flyball, 89M, EV 88.1 MPH)
|
|
Batting: SHB Brett St. Clair
|
0-0: Called Strike 0-1: Swinging Strike 0-2: Strikes out swinging
|
| Top of the 6th over - 0 runs, 0 hits, 0 errors, 0 left on base; York 2 - Brockton 3 |
| BOTTOM OF THE 6TH |
|
Brockton Rox batting - Pitching for York Revolution : RHP Seizaburo Takahashi
|
|
Pitching: RHP Jonathan Beishline
|
|
|
Batting: RHB Ted Emmerich
|
0-0: SINGLE (Groundball, 4D, EV 106.9 MPH)
|
|
Pinch Hitting: LHB Miguel Maymi
|
0-0: Ball 1-0: SINGLE (Groundball, 6M, EV 98.8 MPH) Ted Emmerich to second
|
|
Batting: RHB Travis Campbell
|
0-0: Ball 1-0: Called Strike 1-1: Ball 2-1: Called Strike 2-2: SINGLE (Flyball, 78S, EV 88.8 MPH) Ted Emmerich to third Miguel Maymi to second
|
|
Batting: LHB Mike Hutcheson
|
0-0: Ball 1-0: Called Strike 1-1: Foul Ball, location: 2F 1-2: Ball 2-2: Strikes out swinging
|
|
Batting: RHB Josh Smith
|
0-0: Called Strike 0-1: Grounds into fielders choice 4-2 (Groundball, 4S, EV 85.6 MPH) Miguel Maymi to third Travis Campbell to second
|
|
Batting: LHB John Buff
|
0-0: Called Strike 0-1: Swinging Strike 0-2: Ball 1-2: Ball 2-2: Fly out, F5 (Popup, 56, EV 63.1 MPH)
|
| Bottom of the 6th over - 0 runs, 3 hits, 0 errors, 3 left on base; York 2 - Brockton 3 |
| TOP OF THE 7TH |
|
York Revolution batting - Pitching for Brockton Rox : RHP Ryuhei Shimabukuro
|
|
Pitching: RHP Joseph Anderson
|
|
|
Now in RF: Sal Rivera
|
|
|
Pinch Hitting: RHB Danny Habermehl
|
0-0: Called Strike 0-1: Ball 1-1: Called Strike 1-2: Strikes out swinging
|
|
Batting: RHB Tony Perez
|
0-0: Ball 1-0: Called Strike 1-1: Called Strike 1-2: SINGLE (Line Drive, 8RS, EV 105.0 MPH)
|
|
Batting: RHB Chris Myers
|
0-0: Swinging Strike 0-1: Called Strike 0-2: Fly out, F9 (Flyball, 89M, EV 89.4 MPH)
|
|
Batting: RHB Trent Hedrick
|
0-0: Called Strike 0-1: Ball Tony Perez steals 2nd base 1-1: Ball 2-1: SINGLE (Line Drive, 56D, EV 106.9 MPH) Tony Perez to third Runner from 3rd tries for Home, SAFE, throw by LF to home
|
|
Batting: LHB Joel Moore
|
0-0: Ball 1-0: Called Strike 1-1: Ball 2-1: Foul Ball, location: 2F 2-2: Fly out, F5 (Popup, 5, EV 65.6 MPH)
|
| Top of the 7th over - 1 run, 2 hits, 0 errors, 1 left on base; York 3 - Brockton 3 |
| BOTTOM OF THE 7TH |
|
Brockton Rox batting - Pitching for York Revolution : RHP Jonathan Beishline
|
|
Pitching: LHP Hiroshi Mukae
|
|
|
Now in LF: Jesse Haught
|
|
|
Batting: LHB Aaron Brannon
|
0-0: Called Strike 0-1: Ball 1-1: Ground out 4-3 (Groundball, 4, EV 83.8 MPH)
|
|
Pitching: LHP Tim Lawson
|
|
|
Batting: RHB Mike Griffin
|
0-0: Ball 1-0: Ground out 6-3 (Groundball, 6, EV 83.8 MPH)
|
|
Batting: RHB Jim Hubbard
|
0-0: Ball 1-0: Swinging Strike 1-1: Ball 2-1: DOUBLE (Line Drive, 5D, EV 108.8 MPH)
|
|
Batting: RHB Ted Emmerich
|
0-0: Ground out 5-3 (Groundball, 56, EV 88.8 MPH)
|
| Bottom of the 7th over - 0 runs, 1 hit, 0 errors, 1 left on base; York 3 - Brockton 3 |
| TOP OF THE 8TH |
|
York Revolution batting - Pitching for Brockton Rox : RHP Joseph Anderson
|
|
Pitching: LHP Anton Lara
|
|
|
Batting: RHB Jose Corral
|
0-0: Ball 1-0: Foul Ball, location: 2F 1-1: Ball 2-1: Ball 3-1: Base on Balls
|
|
Batting: RHB Victor Arias
|
0-0: Called Strike 0-1: Ball 1-1: Ball 2-1: SINGLE (Line Drive, 4D, EV 100.0 MPH) Jose Corral to second
|
|
Pinch Runner at 2nd Marco de Leon:
|
|
|
Batting: RHB Dave Gallegos
|
0-0: Foul Ball, location: 2F 0-1: Ball Passed Ball! Marco de Leon to third Victor Arias to second 1-1: Foul Ball, location: 2F 1-2: Foul Ball, location: 2F 1-2: Ground out 6-3 (Groundball, 56, EV 108.8 MPH)
|
|
Batting: SHB Brett St. Clair
|
0-0: Intentional Walk
|
|
Pinch Hitting: RHB Lee Wright
|
0-0: Called Strike 0-1: Ball 1-1: Ball 2-1: DOUBLE (Groundball, 5L, EV 104.4 MPH) Marco de Leon scores Victor Arias scores Brett St. Clair to third Runner from 3rd tries for Home, throw by LF and OUT! 7-6-2 Lee Wright to third
|
|
Batting: RHB Tony Perez
|
0-0: Ball 1-0: Foul Ball, location: 2F 1-1: Swinging Strike 1-2: Foul Ball, location: 2F 1-2: Fly out, F4 (Flyball, 34D, EV 80.0 MPH)
|
| Top of the 8th over - 2 runs, 2 hits, 0 errors, 1 left on base; York 5 - Brockton 3 |
| BOTTOM OF THE 8TH |
|
Brockton Rox batting - Pitching for York Revolution : LHP Tim Lawson
|
|
Now at C: Dana Guthrie
|
|
|
Now in LF: Zach Slot
|
|
|
Batting: RHB Sal Rivera
|
0-0: Called Strike 0-1: Swinging Strike 0-2: Ball 1-2: Ball 2-2: Foul Ball, location: 2F 2-2: Strikes out swinging
|
|
Batting: RHB Travis Campbell
|
0-0: Foul Ball, location: 2F 0-1: Foul Ball, location: 2F 0-2: Ball 1-2: SINGLE (Flyball, 4D, EV 94.4 MPH)
|
|
Batting: LHB Mike Hutcheson
|
0-0: Hit by Pitch Travis Campbell to second
|
|
Pitching: RHP Victor Hurtado
|
|
|
Batting: RHB Josh Smith
|
0-0: Swinging Strike 0-1: Swinging Strike 0-2: Strikes out swinging
|
|
Batting: LHB John Buff
|
0-0: Ball 1-0: Called Strike 1-1: Foul Ball, location: 2F 1-2: Foul Ball, location: 2F 1-2: Strikes out swinging
|
| Bottom of the 8th over - 0 runs, 1 hit, 0 errors, 2 left on base; York 5 - Brockton 3 |
| TOP OF THE 9TH |
|
York Revolution batting - Pitching for Brockton Rox : LHP Anton Lara
|
|
Pitching: RHP Danny Marquez
|
|
|
Batting: RHB Chris Myers
|
0-0: Ball 1-0: Swinging Strike 1-1: Ground out 4-3 (Groundball, 4S, EV 81.3 MPH)
|
|
Batting: RHB Trent Hedrick
|
0-0: Called Strike 0-1: Foul Ball, location: 2F 0-2: Foul Ball, location: 2F 0-2: Ball 1-2: Strikes out swinging
|
|
Batting: LHB Joel Moore
|
0-0: Foul Ball, location: 2F 0-1: Called Strike 0-2: Ball 1-2: Ball 2-2: Reached on error, E4 (Groundball, 4, EV 97.5 MPH)
|
|
Batting: RHB Zach Slot
|
0-0: Ball 1-0: Ball 2-0: Hit by Pitch Joel Moore to second
|
|
Batting: RHB Victor Arias
|
0-0: Called Strike 0-1: Called Strike 0-2: Ground out U3 (Groundball, 3L, EV 106.3 MPH)
|
| Top of the 9th over - 0 runs, 0 hits, 1 error, 2 left on base; York 5 - Brockton 3 |
| BOTTOM OF THE 9TH |
|
Brockton Rox batting - Pitching for York Revolution : RHP Victor Hurtado
|
|
Pitching: RHP Jeremy Mitchem
|
|
|
Batting: LHB Aaron Brannon
|
0-0: Ball 1-0: Foul Ball, location: 2F 1-1: Ground out 6-3 (Groundball, 4M, EV 84.4 MPH)
|
|
Pinch Hitting: LHB Jarrett Mordecai
|
0-0: Ball 1-0: Ball 2-0: Foul Ball, location: 2F 2-1: Swinging Strike 2-2: Ball 3-2: Foul Ball, location: 2F 3-2: Ground out 4-3 (Groundball, 4, EV 81.3 MPH)
|
|
Batting: RHB Jim Hubbard
|
0-0: Ball 1-0: Foul Ball, location: 2F 1-1: Ball 2-1: Foul Ball, location: 2F 2-2: Foul Ball, location: 2F 2-2: Ball 3-2: Base on Balls
|
|
Batting: RHB Ted Emmerich
|
0-0: Called Strike 0-1: Ball 1-1: Ball 2-1: Fly out, F8 (Flyball, 78D, EV 91.9 MPH)
|
| Bottom of the 9th over - 0 runs, 0 hits, 0 errors, 1 left on base; York 5 - Brockton 3 |
|